 Dungeon Sprint DCSS version 0.18.1-48-g4cf74bf (webtiles) character file.

117495 Deeps the Executioner (level 16, -1/179 (180) HPs)
             Began as a Deep Dwarf Fighter on Aug 18, 2016.
             Was the Champion of Makhleb.
             Killed from afar by a lich (55 damage)
             ... with an iron shot
             ... in the Dungeon (Sprint VII: "The Pits").
             The game lasted 00:30:32 (2579 turns).

Deeps the Executioner (Deep Dwarf Fighter)          Turns: 2579, Time: 00:30:33

HP:   -1/179 (180)  AC: 28    Str: 35    XL:     16   Next: 23%
MP:   22/22         EV: 15    Int: 11    God:    Makhleb [******]
Gold: 49            SH:  2    Dex: 10    Spells: 2 memorised, 13 levels left

rFire  + + .     SeeInvis +     H - +8 frozen axe "Frostbite" {freezing cloud, *Noise +Fly rC+}
rCold  + + +     Gourm    .     d - +1 plate armour {rF+}
rNeg   + . .     Faith    .     (shield currently unavailable)
rPois  .         Spirit   .     B - +0 helmet
rElec  +         Dismiss  .     r - +0 cloak
rCorr  +         Reflect  +     C - -1 pair of gloves of the Blessed Realm {rCorr Str+8 Dex-2}
SustAt .         Harm     .     z - +0 pair of boots
MR     +++..     NoTele   +     U - amulet of Propriety {Reflect rElec rF+ MR+ SH+2 SInv}
Stlth  ..........               O - ring of Mimalili {rC++ Slay+5}
                                Y - ring of Cheibriados's Outrage {rC+ EV+6 Str+2}

@: lethally poisoned (-1 -> -46), very slightly contaminated, non-regenerating,
hasted and slowed, glowing, studying 3 skills, drained, extremely resistant to
hostile enchantments, extremely unstealthy
A: damage resistance, recharge devices, deterioration 2, negative energy
resistance 1, sense surroundings 2, slow regeneration 3
a: Device Recharging, Minor Destruction, Lesser Servant of Makhleb, Major
Destruction, Greater Servant of Makhleb, Renounce Religion, Evoke Flight


You were in the Dungeon.
You worshipped Makhleb.
Makhleb was exalted by your worship.
You were not hungry.

You visited 1 branch You collected 49 gold pieces.

Inventory:

Hand Weapons
 a - a +0 war axe
 h - a +0 short sword
 y - a +1 broad axe of pain
 H - the +8 frozen axe "Frostbite" (weapon) {freezing cloud, *Noise +Fly rC+}
   (You found it in the Dungeon)

   It has been specially enchanted to freeze those struck by it, causing extra
   injury to most foes and up to half again as much damage against particularly
   susceptible opponents.
   It can also slow down cold-blooded creatures.
   It protects you from cold.
   It lets you fly.
   It may make noises in combat.
Armour
 b - a +0 scale mail
 c - a +0 shield
 d - a +1 plate armour of fire resistance (worn)
 r - a +0 cloak (worn)
 s - a +2 plate armour
 z - a +0 pair of boots (worn)
 A - a +3 plate armour
 B - a +0 helmet (worn)
 C - the -1 pair of gloves of the Blessed Realm (worn) {rCorr Str+8 Dex-2}
   (You found it in the Dungeon)

   It affects your strength (+8).
   It affects your dexterity (-2).
   It protects you from acid and corrosion.
Jewellery
 i - the amulet of Qehirid {RegenMP rElec rC++ MP-9 Str-3}
   (You found it in the Dungeon)

   [amulet of magic regeneration]

   It increases your magic regeneration.
   It affects your strength (-3).
   It greatly protects you from cold.
   It insulates you from electricity.
   It affects your magic capacity (-9).
 t - an uncursed ring of protection from cold
 u - the ring "Cuonn" {SInv Stlth+}
   (You found it in the Dungeon)

   [ring of see invisible]

   It lets you see invisible.
   It makes you more stealthy.
 O - the ring of Mimalili (right hand) {rC++ Slay+5}
   (You found it in the Dungeon)

   [ring of slaying]

   It affects your accuracy and damage with ranged weapons and melee attacks
   (+5).
   It greatly protects you from cold.
 U - the amulet of Propriety (around neck) {Reflect rElec rF+ MR+ SH+2 SInv}
   (You found it in the Dungeon)

   [amulet of reflection]

   It shields you and reflects attacks.
   It protects you from fire.
   It insulates you from electricity.
   It affects your resistance to hostile enchantments.
   It lets you see invisible.
   It affects your SH (+2).
 X - the ring "Gothalala" {MR+ EV+6 Dex+4}
   (You found it in the Dungeon)

   [ring of evasion]

   It affects your evasion (+6).
   It affects your dexterity (+4).
   It affects your resistance to hostile enchantments.
 Y - the ring of Cheibriados's Outrage (left hand) {rC+ EV+6 Str+2}
   (You found it in the Dungeon)

   [ring of evasion]

   It affects your evasion (+6).
   It affects your strength (+2).
   It protects you from cold.
Wands
 e - a wand of heal wounds (0/9)
 L - a wand of hasting (4/9)
 M - a wand of heal wounds (3/9)
 N - a wand of lightning (7/15)
Scrolls
 p - 6 scrolls of remove curse
 q - 5 scrolls of amnesia
 E - 6 scrolls of enchant weapon
 F - a scroll of identify
Potions
 g - 3 potions of curing
 j - 4 potions of magic
 k - 3 potions of berserk rage
 o - 2 potions of invisibility
 v - a potion of agility
 w - 4 potions of cure mutation
Books
 l - a manual of Crossbows
 J - a manual of Invocations
 K - a manual of Poison Magic
Miscellaneous
 D - a plain deck of summoning
 G - a plain deck of wonders
Comestibles
 f - 9 bread rations
 m - 37 fruits
 n - 7 meat rations


   Skills:
 + Level 20.3(20.1) Fighting
 - Level 26.1(25.9) Axes
 + Level 23.3(23.2) Armour
 - Level 8.5(8.4) Shields
 + Level 16.3(16.2) Summonings
 + Level 18.9(18.8) Translocations
 - Level 14.2(14.0) Invocations
 - Level 8.0(7.9) Evocations


You had 13 spell levels left.
You knew the following spells:

 Your Spells              Type           Power        Failure   Level  Hunger
a - Apportation           Tloc           #####.....   1%          1    ##.....
b - Summon Butterflies    Summ           #####...     1%          1    ##.....


Dungeon Overview and Level Annotations

Branches:
Dungeon (1/1)

Altars:
Ashenzari
Cheibriados
Dithmenos
Elyvilon
Fedhas
Kikubaaqudgha
Makhleb
Nemelex Xobeh
Okawaru
Pakellas
Ru
Sif Muna
Trog
Vehumet
Xom
Yredelemnul
Zin
The Shining One
Beogh
Jiyva
Lugonu


Innate Abilities, Weirdness & Mutations

You are resistant to damage.
You can recharge devices by infusing magical energy.
You resist negative energy.
You passively map the area around you.
You do not regenerate naturally.
Your body often deteriorates upon taking damage.


Message History

The wraith drains your Executioner's vigour!
Your Executioner seems to slow down.
You chop the reaper into pieces!!! You freeze the reaper!
The reaper is severely wounded.
You slash the shadow wraith! You freeze the shadow wraith.
The shadow wraith is moderately damaged.
You completely miss the wraith.
The wraith is heavily damaged.
You hit the lich but do no damage.
The lich is heavily damaged.
You are engulfed in dark miasma.
You are more poisoned.
You feel as though you will be slow longer.
You feel very sick.
Your Executioner hits the wraith!!
Your Executioner hits the wraith but does no damage. x2
The black draconian caller mumbles some strange words.
The lich casts a spell at you. The iron shot hits you!
You die...

,,,,,,,,,,,,**##'.##'.##'.##'.##'
,,,,,,,,,,*** #.#.#)###.###.###.#
++********* ####### ##* ### ###
++##################*************
......##.....#.....#,,*,,,,+,,,,*
......##.....#.....#,.#,,,,*,,,,*
...#..##..#''#''#W'#''##****'**'*
......##..)....21WLC....,,,,,,,,*
......##..'....W@L2§....,,,,,,,,*
...#..#####..#..#2§#..#2,*,,*,,,,
......##..'......kkA.k..,,,,,,,,*
......##..'........k....,,,,,,,,*
...#))##..#''#''#''#q'##****'**'*
....).)).....#.....#..#,,,,*,,,,*
......'')....#.....#,.#,,,,+,,,,*
####++##############**#**********
####++###########################


You could see a titan, an ancient lich, a black draconian caller, a lich, a
lorocyproca (invisible), 2 reapers, 2 death drakes, a cherub, a shadow wraith
(invisible), 2 wraiths, 2 swamp drakes, a friendly Executioner and a friendly
blizzard demon.

Vanquished Creatures
  An orb of fire (D)
  Mennas (D)
  3 pandemonium lords (D)
  A curse toe (D)
  2 pearl dragons (D)
  Xtahua (D)
  Jory (D)
  An electric golem (D)
  2 Brimstone Fiends (D)
  3 deep elf blademasters (D)
  A titan (D)
  A sphinx (D)
  A storm dragon (D)
  A shadow dragon (D)
  A daeva (D)
  A fire giant (D)
  A draconian monk (D)
  Louise (D)
  A cacodemon (D)
  2 deep elf sorcerers (D)
  A draconian zealot (D)
  An angel (D)
  A spriggan defender (D)
  A war gargoyle (D)
  2 draconian annihilators (D)
  2 deep elf demonologists (D)
  2 white draconians (D)
  Azrael (D)
  2 deep elf death magi (D)
  An eidolon (D)
  A fire dragon (D)
  A great orb of eyes (D)
  2 minotaurs (D)
  2 hydras (D)
  A naga warrior (D)
  A spriggan air mage (D)
  An anaconda (D)
  A merfolk aquamancer (D)
  A merfolk avatar (D)
  A centaur warrior (D)
  An ogre mage (D)
  A vampire mage (D)
  A dancing weapon (D)
  An orc high priest (D)
  A sun demon (D)
  A spriggan berserker (D)
  A spriggan (D)
  A shadow wraith (D)
  An unseen horror (D)
  A salamander mystic (D)
  A swamp dragon (D)
  A deep troll (D)
  A spriggan druid (D)
  A phantasmal warrior (D)
  A harpy (D)
  An orc knight (D)
  2 griffons (D)
  A salamander (D)
  An orc sorcerer (D)
  A manticore (D)
  A wolf spider (D)
  A guardian serpent (D)
  2 smoke demons (D)
  A black mamba (D)
  An orange demon (D)
  A spiny frog (D)
  A naga mage (D)
  A tormentor (D)
  2 rime drakes (D)
  A freezing wraith (D)
  An ice devil (D)
  A demonic crawler (D)
  A polar bear (D)
  A red devil (D)
  2 giant leeches (D)
  A two-headed ogre (D)
  A blink frog (D)
  A bog body (D)
  A flying skull (D)
  A shadow (D)
  3 water elementals (D)
  5 redbacks (D)
  A tarantella (D)
  2 wyverns (D)
  Eustachio (D)
  A vampire (D)
  3 fire elementals (D)
  A golden eye (D)
  3 hungry ghosts (D)
  3 vampire mosquitoes (D)
  A basilisk (D)
  2 wargs (D)
  A mottled dragon (D)
  2 soldier ants (D)
  2 giant eyeballs (D)
  3 hell hounds (D)
  2 orc warriors (D)
  A black bear (D)
  A wasp (D)
  An eye of draining (D)
  3 wolves (D)
  A centaur (D)
  An earth elemental (D)
  A giant frog (D)
  A scorpion (D)
  4 killer bees (D)
  A hound (D)
  An orc priest (D)
  2 orc wizards (D)
  An iguana (D)
  3 worker ants (D)
  A mummy (D)
  An ooze (D)
  A worm (D)
  An adder skeleton (D)
  9 orcs (D)
  2 bat skeletons (D)
  A giant cockroach (D)
  A goblin (D)
  A hobgoblin (D)
  6 jackals (D)
  A quokka (D)
  A ball python (D)
  3 bats (D)
  A giant gecko simulacrum (D)
  A giant gecko zombie (D)
  A jackal zombie (D)
  A kobold (D)
  A quokka zombie (D)
  2 crawling corpses (D)
191 creatures vanquished.

Vanquished Creatures (collateral kills)
  A greater mummy (D)
  A lich (D)
  A sphinx (D)
  A fire giant (D)
  A reaper (D)
  A deep elf demonologist (D)
  A deep elf annihilator (D)
  A red draconian (D)
  A black draconian (D)
  A green draconian (D)
  A deep elf death mage (D)
  A mummy priest (D)
  An ettin (D)
  A blizzard demon (D)
  A deep elf high priest (D)
  A vampire mage (D)
  A wizard (D)
  2 harpies (D)
  A redback (D)
  A chaos spawn (D)
21 creatures vanquished.

Vanquished Creatures (others)
  A draconian scorcher (D)
  A yellow draconian (D)
  A sun demon (D)
3 creatures vanquished.

Grand Total: 215 creatures vanquished

Notes
Turn   | Place    | Note
--------------------------------------------------------------
     0 | D        | Deeps the Deep Dwarf Fighter began the quest for the Orb.
     0 | D        | Reached XP level 1. HP: 20/20 MP: 1/1
    20 | D        | Reached skill level 3 in Axes
    47 | D        | Found a sacrificial altar of Ru.
    47 | D        | Found a basalt altar of Yredelemnul.
    47 | D        | Found a shadowy altar of Dithmenos.
    47 | D        | Found a deep blue altar of Sif Muna.
    47 | D        | Found a burning altar of Makhleb.
    47 | D        | Found a shimmering altar of Xom.
    47 | D        | Found an ancient bone altar of Kikubaaqudgha.
    47 | D        | Found a sparkling altar of Nemelex Xobeh.
    48 | D        | Found a glowing golden altar of the Shining One.
    48 | D        | Found a bloodstained altar of Trog.
    48 | D        | Found a shattered altar of Ashenzari.
    48 | D        | Found a white marble altar of Elyvilon.
    48 | D        | Found a snail-covered altar of Cheibriados.
    48 | D        | Found a blossoming altar of Fedhas.
    48 | D        | Found a radiant altar of Vehumet.
    48 | D        | Found a glowing silver altar of Zin.
    48 | D        | Found a corrupted altar of Lugonu.
    48 | D        | Found a viscous altar of Jiyva.
    48 | D        | Found a roughly hewn altar of Beogh.
    48 | D        | Found an iron altar of Okawaru.
    49 | D        | Found an oddly glowing altar of Pakellas.
    52 | D        | Became a worshipper of Makhleb the Destroyer
    65 | D        | Noticed a worker ant
    77 | D        | Killed a worker ant
    77 | D        | Reached * piety under Makhleb
    77 | D        | Reached skill level 6 in Axes
    77 | D        | Reached XP level 2. HP: 27/27 MP: 2/2
    78 | D        | Reached XP level 3. HP: 33/33 MP: 3/3
    82 | D        | Reached ** piety under Makhleb
    82 | D        | Reached skill level 7 in Axes
    89 | D        | Noticed a giant eyeball
    92 | D        | Killed a giant eyeball
    92 | D        | Reached skill level 10 in Axes
    92 | D        | Reached XP level 4. HP: 40/40 MP: 4/4
    95 | D        | Reached *** piety under Makhleb
   165 | D        | Reached **** piety under Makhleb
   165 | D        | Reached skill level 11 in Axes
   165 | D        | Reached XP level 5. HP: 46/46 MP: 5/5
   168 | D        | Noticed a flying skull
   204 | D        | Killed a flying skull
   204 | D        | Reached skill level 13 in Axes
   204 | D        | Reached XP level 6. HP: 25/55 MP: 6/6
   210 | D        | Reached skill level 14 in Axes
   241 | D        | Noticed a hungry ghost
   254 | D        | Killed a hungry ghost
   254 | D        | Reached ***** piety under Makhleb
   254 | D        | Reached skill level 15 in Axes
   262 | D        | Noticed a hungry ghost
   291 | D        | Killed a hungry ghost
   291 | D        | Reached skill level 16 in Axes
   291 | D        | Reached XP level 7. HP: 60/61 MP: 7/7
   312 | D        | Noticed a redback
   321 | D        | Killed a redback
   332 | D        | Reached skill level 17 in Axes
   349 | D        | Reached ****** piety under Makhleb
   355 | D        | Noticed a redback
   355 | D        | Noticed a smoke demon
   366 | D        | Killed a redback
   366 | D        | Reached XP level 8. HP: 46/68 MP: 8/8
   380 | D        | Killed a smoke demon
   380 | D        | Reached skill level 18 in Axes
   524 | D        | Noticed a spiny frog
   530 | D        | Reached skill level 19 in Axes
   533 | D        | Killed a spiny frog
   555 | D        | Noticed a black mamba
   555 | D        | Noticed a polar bear
   555 | D        | Noticed a deep troll
   559 | D        | Reached skill level 20 in Axes
   559 | D        | Gained mutation: You passively map the area around you. [Deep Dwarf growth]
   559 | D        | Reached XP level 9. HP: 71/74 MP: 9/9
   576 | D        | Killed a black mamba
   580 | D        | Killed a deep troll
   580 | D        | Reached skill level 21 in Axes
   610 | D        | Killed a polar bear
   628 | D        | Noticed a red devil
   628 | D        | Noticed a manticore
   631 | D        | Reached skill level 22 in Axes
   639 | D        | Killed a manticore
   650 | D        | Killed a red devil
   650 | D        | Reached XP level 10. HP: 80/81 MP: 10/10
   696 | D        | Reached skill level 23 in Axes
   769 | D        | Noticed a centaur warrior
   785 | D        | Killed a centaur warrior
   788 | D        | Noticed Eustachio
   795 | D        | Noticed a griffon
   808 | D        | Killed Eustachio
   808 | D        | Reached skill level 5 in Armour
   808 | D        | Reached skill level 5 in Shields
   825 | D        | Killed a griffon
   847 | D        | Reached skill level 5 in Fighting
   878 | D        | Noticed a griffon
   909 | D        | Killed a griffon
   939 | D        | Killed a shadow wraith
   961 | D        | Reached XP level 11. HP: 61/99 MP: 11/11
   988 | D        | Noticed a six-headed hydra
  1000 | D        | Killed an eight-headed hydra
  1200 | D        | Noticed an anaconda
  1208 | D        | Killed an anaconda
  1241 | D        | Noticed a phantasmal warrior
  1248 | D        | Noticed Azrael
  1249 | D        | Killed a phantasmal warrior
  1252 | D        | Reached skill level 10 in Armour
  1263 | D        | Killed Azrael
  1263 | D        | Reached skill level 24 in Axes
  1279 | D        | Noticed a sun demon
  1288 | D        | Killed a sun demon
  1295 | D        | Noticed an orc sorcerer
  1296 | D        | Noticed an orc high priest
  1300 | D        | Killed an orc sorcerer
  1304 | D        | Killed an orc high priest
  1304 | D        | Reached skill level 10 in Fighting
  1324 | D        | Noticed a storm dragon
  1324 | D        | Noticed an ettin
  1325 | D        | Noticed a red draconian
  1325 | D        | Noticed a yellow draconian zealot
  1325 | D        | Noticed a sphinx
  1326 | D        | Noticed a wizard
  1328 | D        | Noticed a sphinx
  1328 | D        | Noticed a vampire mage
  1333 | D        | Killed a storm dragon
  1333 | D        | Reached XP level 12. HP: 76/118 MP: 12/12
  1336 | D        | Noticed a deep elf high priest
  1344 | D        | Killed an ettin
  1351 | D        | Killed a sphinx
  1352 | D        | Killed a red draconian
  1353 | D        | Noticed a vampire mage
  1357 | D        | Killed a vampire mage
  1357 | D        | Reached skill level 25 in Axes
  1357 | D        | Killed a deep elf high priest
  1362 | D        | Killed a sphinx
  1367 | D        | Killed a yellow draconian zealot
  1368 | D        | Killed a vampire mage
  1385 | D        | Noticed a deep elf sorcerer
  1390 | D        | Killed a deep elf sorcerer
  1401 | D        | Noticed an ogre mage
  1404 | D        | Killed an ogre mage
  1409 | D        | Noticed a deep elf sorcerer
  1410 | D        | Noticed an angel
  1410 | D        | Noticed a deep elf death mage
  1423 | D        | Killed an angel
  1423 | D        | Reached skill level 15 in Armour
  1423 | D        | Reached skill level 5 in Invocations
  1425 | D        | Killed a deep elf death mage
  1426 | D        | Killed a deep elf sorcerer
  1426 | D        | Reached XP level 13. HP: 107/133 MP: 15/18
  1441 | D        | Noticed a green draconian scorcher
  1442 | D        | Noticed a deep elf annihilator
  1442 | D        | Noticed a deep elf demonologist
  1443 | D        | Noticed a daeva
  1445 | D        | Noticed a yellow draconian
  1454 | D        | Killed a deep elf demonologist
  1454 | D        | Killed a yellow draconian
  1454 | D        | Killed a green draconian scorcher
  1458 | D        | Killed a deep elf annihilator
  1468 | D        | Noticed a deep elf demonologist
  1501 | D        | Killed a daeva
  1509 | D        | Noticed a green draconian
  1513 | D        | Killed a deep elf demonologist
  1515 | D        | Reached skill level 26 in Axes
  1519 | D        | Killed a green draconian
  1594 | D        | Got the ring of Mimalili {rC++ Slay+5}
  1596 | D        | Got the amulet of Qurodiedgh {Spirit *Contam +Fly Str+3}
  1598 | D        | Got the amulet of Bipuj {*Contam +Rage rF++ Int+4 SInv}
  1600 | D        | Got the ring of the Chupacabra {-Tele +Inv +Fly Int+3 Stlth+}
  1602 | D        | Got the amulet of Noon {Dismiss *Contam +Fly rN++ SInv}
  1604 | D        | Got the ring "Cud Giny" {+Blink rN+++ MP-9 Slay+5 SInv}
  1606 | D        | Got the amulet of Propriety {Reflect rElec rF+ MR+ SH+2 SInv}
  1608 | D        | Got the ring "Zosoaf" {Wiz rPois MR+ Str-5}
  1610 | D        | Got the ring "Gagecsad" {rC+ Int-5 Dex+5 Slay+3}
  1612 | D        | Got the ring "Gothalala" {MR+ EV+6 Dex+4}
  1614 | D        | Got the ring of Cheibriados's Outrage {rC+ EV+6 Str+2}
  1616 | D        | Got the ring "Qear" {MR+ Dex+3}
  1653 | D        | Got the ring "Xeot" {rF- rC+ rN+ Slay+3 SInv}
  1655 | D        | Got the ring of Juhocray {*Confuse +Blink rF+ Dex+6 Stlth+}
  1657 | D        | Got the amulet "Wosch" {Reflect Str+2 SH+2}
  1659 | D        | Got the amulet of Dais {Faith rF+ MR+ Int+4}
  1661 | D        | Got the amulet "Weyrph" {Faith Dex+4}
  1663 | D        | Got the amulet "Soecliqeargh" {Gourm rF++ Str-3 Int+3}
  1665 | D        | Got the ring "Dabotym" {rPois Int+6}
  1667 | D        | Got the ring "Ceclat" {rF+ AC+6 Int+2}
  1669 | D        | Got the ring "Wasouj" {AC+6 Dex+3 SInv}
  1673 | D        | Got the ring of the Six Beds {rElec rF+ rC+ Str+6 Dex-4}
  1675 | D        | Got the ring of Brilliance {+Inv rPois rF+}
  1678 | D        | Got the ring "Zoschi" {+Fly Str+5 Int+4}
  1680 | D        | Got the ring of Peace {MR+ Str+3}
  1708 | D        | Identified the Almanac of Unstable Venom (You found it in the Dungeon)
  1711 | D        | Learned a level 1 spell: Apportation
  1722 | D        | Learned a level 1 spell: Summon Butterflies
  1759 | D        | Noticed a pearl dragon
  1765 | D        | Killed a pearl dragon
  1765 | D        | Reached skill level 10 in Invocations
  1769 | D        | Noticed a cacodemon
  1769 | D        | Gained mutation: Your body sometimes deteriorates upon taking damage. [a cacodemon]
  1774 | D        | Killed a cacodemon
  1776 | D        | Noticed an orb of fire
  1793 | D        | Gained mutation: Your body often deteriorates upon taking damage. [an orb of fire]
  1795 | D        | Killed an orb of fire
  1795 | D        | Reached skill level 5 in Summonings
  1798 | D        | Noticed a shadow dragon
  1804 | D        | Killed a shadow dragon
  1806 | D        | Noticed a deep elf blademaster
  1812 | D        | Killed a deep elf blademaster
  1815 | D        | Noticed a curse toe
  1821 | D        | Killed a curse toe
  1821 | D        | Reached skill level 15 in Fighting
  1821 | D        | Gained mutation: You resist negative energy. [Deep Dwarf growth]
  1821 | D        | Reached XP level 14. HP: 147/147 MP: 20/20
  1829 | D        | Noticed Vofagh the pandemonium lord
  1829 | D        | Noticed a fire giant
  1829 | D        | Noticed a deep elf blademaster
  1838 | D        | Killed a deep elf blademaster
  1852 | D        | Noticed an Executioner
  1857 | D        | Killed a fire giant
  1868 | D        | Killed Vofagh the pandemonium lord
  1868 | D        | Reached skill level 10 in Translocations
  1910 | D        | Noticed a mottled draconian monk
  1914 | D        | Killed a mottled draconian monk
  1933 | D        | Noticed a pearl dragon
  1937 | D        | Killed a pearl dragon
  1937 | D        | Reached skill level 10 in Summonings
  1944 | D        | Noticed a white draconian annihilator
  1949 | D        | Noticed a deep elf blademaster
  1951 | D        | Killed a white draconian annihilator
  1954 | D        | Killed a deep elf blademaster
  1960 | D        | Noticed a titan
  1964 | D        | Killed a titan
  1981 | D        | Got the amulet of Qehirid {RegenMP rElec rC++ MP-9 Str-3}
  1983 | D        | Noticed an electric golem
  1989 | D        | Killed an electric golem
  2025 | D        | Noticed Ypuhimyi the pandemonium lord
  2043 | D        | Killed Ypuhimyi the pandemonium lord
  2043 | D        | Reached XP level 15. HP: 80/160 MP: 21/21
  2050 | D        | Noticed Uqaschum the pandemonium lord
  2065 | D        | Killed Uqaschum the pandemonium lord
  2068 | D        | Noticed Jory
  2077 | D        | Noticed a Brimstone Fiend
  2079 | D        | Killed Jory
  2083 | D        | Killed a Brimstone Fiend
  2083 | D        | Reached skill level 15 in Translocations
  2094 | D        | Noticed a Brimstone Fiend
  2101 | D        | Killed a Brimstone Fiend
  2103 | D        | Noticed Louise
  2122 | D        | Killed Louise
  2368 | D        | Got the ring "Cuonn" {SInv Stlth+}
  2373 | D        | Got the cursed -1 pair of gloves of the Blessed Realm {rCorr Str+8 Dex-2}
  2503 | D        | Noticed Xtahua
  2504 | D        | Noticed a greater mummy
  2504 | D        | Noticed Mennas
  2505 | D        | Noticed a fire giant
  2520 | D        | Killed Xtahua
  2520 | D        | Reached skill level 15 in Summonings
  2522 | D        | Killed a fire giant
  2525 | D        | Killed Mennas
  2525 | D        | Reached XP level 16. HP: 130/177 MP: 22/22
  2532 | D        | Noticed a lich
  2535 | D        | Killed a greater mummy
  2538 | D        | Killed a lich
  2573 | D        | Noticed a lich
  2573 | D        | Noticed an ancient lich
  2576 | D        | Noticed a titan
  2579 | D        | Killed from afar by a lich

Skill      XL: |  1  2  3  4  5  6  7  8  9 10 11 12 13 14 15 16 |
---------------+-------------------------------------------------+-----
Axes           | 6 10 11 13 16 17 20 22 23 24 25 26 | 26.1
Fighting       | 6 10 13 15 17 19 20 | 20.3
Armour         | 7 12 15 17 20 22 23 | 23.3
Shields        | 7 8 |  8.5
Invocations    | 6 14 | 14.2
Summonings     | 7 11 15 16 | 16.3
Translocations | 8 13 18 | 18.9
Evocations     | 8 |  8.0

Action                   |  1- 3 |  4- 6 |  7- 9 | 10-12 | 13-15 | 16-18 || total
-------------------------+-------+-------+-------+-------+-------+-------++-------
Melee: War axe           |    30 |    82 |    64 |       |       |       ||   176
       Broad axe         |       |       |    85 |   190 |       |       ||   275
       Executioner's axe |       |       |       |    93 |   266 |    18 ||   377
Invok: Greater Servant o |       |       |       |     2 |    10 |     2 ||    14
 Abil: Device Recharging |       |       |       |       |     4 |       ||     4
Evoke: Wand              |       |     1 |       |     2 |    16 |     4 ||    23
  Use: Potion            |       |       |     6 |    19 |     6 |       ||    31
       Scroll            |       |       |       |     1 |     4 |       ||     5
 Stab: Distracted        |       |       |       |     1 |     1 |       ||     2
  Eat: Bread ration      |       |     1 |     1 |     1 |     1 |     1 ||     5
       Fruit             |       |     1 |       |     1 |     1 |       ||     3
Armor: Scale mail        |    12 |    12 |       |       |       |       ||    24
       Plate armour      |       |    30 |    78 |   210 |   125 |     6 ||   449
Dodge: Dodged            |    13 |    11 |    19 |    69 |   101 |     3 ||   216
Block: Shield            |    10 |    29 |    73 |    90 |       |       ||   202
       Other             |       |       |       |       |    12 |       ||    12
